 Dungeon Crawl Stone Soup version 0.23.2-33-g5129a83184 (webtiles) character file.

Game seed: 7726209098854823718

125 FishyPogo the Grave Robber (level 4, -4/30 HPs)
             Began as a Mummy Necromancer on Aug 4, 2019.
             Slain by Natasha (9 damage)
             ... on level 3 of the Dungeon.
             The game lasted 00:15:29 (1920 turns).

FishyPogo the Grave Robber (Mummy Necromancer)      Turns: 1920, Time: 00:15:29

Health: -4/30      AC:  4    Str: 11    XL:     4   Next: 82%
Magic:  0/10       EV: 12    Int: 15    God:
Gold:   95         SH:  0    Dex: 12    Spells: 6/11 levels left

rFire    x . .     SeeInvis .   b - +0 hand axe
rCold    + . .     Gourm    .   (no shield)
rNeg     + + +     Faith    .   d - +0 leather armour
rPois    ∞         Spirit   .   (no helmet)
rElec    .         Reflect  .   e - +0 cloak (curse)
rCorr    .         Harm     .   (no gloves)
MR       +....                  (no boots)
Stlth    ++........             (no amulet)
HPRegen  0.10/turn              a - ring of protection from magic
MPRegen  0.12/turn              (no ring)

@: very slightly contaminated
A: no food or potions, fire vulnerability, cold resistance 1, negative energy
resistance 3, torment resistance, unbreathing
a: no special abilities


You were on level 3 of the Dungeon.
You were not hungry.

You visited 1 branch of the dungeon, and saw 3 of its levels.

You collected 95 gold pieces.

Inventory:

Hand Weapons
 b - a +0 hand axe (weapon)
Missiles
 h - 54 stones (quivered)
Armour
 d - a +0 leather armour (worn)
 e - a cursed +0 cloak (worn)
 f - a scarf of resistance
Jewellery
 a - a ring of protection from magic (left hand)
Scrolls
 c - a scroll of teleportation
 g - a scroll of identify


   Skills:
 * Level 2.5 Dodging
 + Level 2.2 Stealth
 * Level 4.0 Spellcasting
 * Level 4.8 Necromancy


You had 6 spell levels left.
You knew the following spells:

 Your Spells              Type           Power        Failure   Level  Hunger
a - Pain                  Necr           ###.         3%          1    N/A
b - Animate Skeleton      Necr           N/A          3%          1    N/A
c - Vampiric Draining     Necr           ###.......   10%         3    N/A

Your spell library contained the following spells:

 Spells                   Type           Power        Failure   Level  Hunger
 Animate Dead             Necr           N/A          32%         4    N/A
 Regeneration             Chrm/Necr      Unusable     N/A         3    N/A

Dungeon Overview and Level Annotations

Branches:
Dungeon (3/15)

Altars:

Annotations:
D:3 Natasha


Innate Abilities, Weirdness & Mutations

You do not eat or drink.
Your flesh is vulnerable to fire.
You are immune to poison.
Your flesh is cold resistant. (rC+)
You are immune to negative energy. (rN+++)
You are immune to unholy pain and torment.
You can survive without breathing.


Message History

Confirm with . or Enter, or press ? or * to list all spells.
Aiming: Pain (safe; 3% risk of failure)
Press: ? - help, Shift-Dir - straight line, f/p - Natasha
Aim: Natasha (severely wounded, chance to defeat MR: 76%) Natasha barely resists.
Natasha barely misses you.
You hit Natasha but do no damage.
Natasha is severely wounded.
Natasha barely misses you. Natasha claws you!
* * * LOW HITPOINT WARNING * * *
You hit Natasha.
Natasha is almost dead.
Natasha claws you but does no damage.
Your leather armour prevents you from hitting Natasha.
Natasha is almost dead.
Natasha barely misses you.
You miss Natasha.
Natasha is almost dead.
Natasha casts a spell.
Natasha claws you!
You die...

#.# .#####.....##
#.##..w........h
###..............
#.......... ...# #
###.#########h!# .#
#..5........)..##.#
##<.#.............#
###h#.#....%.......
#.@................
#####.#)######.####
#.#.........#..
#.#.######%....
#.### #..... #.#
#..... #.# #.....
#.# #..... #.#
#.....


You could see an iron imp and Natasha.

Vanquished Creatures
  A worker ant (D:2)
  3 adders (D:2)
  An ooze (D:2)
  A worm (D:2)
  A dart slug (D:1)
  3 leopard geckos
  3 goblins
  9 hobgoblins
  4 kobolds
  4 bats
  4 frilled lizards
  6 rats
40 creatures vanquished.

Vanquished Creatures (collateral kills)
  Natasha (D:3)
  An adder skeleton (D:2)
  A goblin (D:1)
  A kobold (D:1)
  A bat (D:3)
5 creatures vanquished.

Grand Total: 45 creatures vanquished

Notes
Turn   | Place    | Note
-------+----------+-------------------------------------------
     0 | D:1      | FishyPogo the Mummy Necromancer began the quest for the
                  | Orb.
     0 | D:1      | Reached XP level 1. HP: 13/13 MP: 4/4
     7 | D:1      | Learned a level 1 spell: Animate Skeleton
   487 | D:1      | Reached XP level 2. HP: 19/19 MP: 0/5
   968 | D:2      | Reached XP level 3. HP: 24/24 MP: 7/7
   978 | D:1      | Learned a level 3 spell: Vampiric Draining
  1093 | D:2      | Found a faded altar of an unknown god.
  1627 | D:2      | Reached XP level 4. HP: 22/30 MP: 9/9
  1828 | D:3      | Noticed Natasha
  1883 | D:3      | Killed Natasha
  1892 | D:3      | Noticed Natasha
  1920 | D:3      | Slain by Natasha

Skill      XL: |  1  2  3  4 |
---------------+-------------+-----
Spellcasting   | 3 4 |  4.0
Dodging        | 2 |  2.5
Stealth        | 2 |  2.2
Necromancy     | |  4.8

Action                   |  1- 3 |  4- 6 || total
-------------------------+-------+-------++-------
Melee: Hand axe          |    44 |    14 ||    58
Throw: Stone             |       |     2 ||     2
 Cast: Pain              |    36 |    16 ||    52
       Animate Skeleton  |    13 |     5 ||    18
       Vampiric Draining |     1 |     2 ||     3
  Use: Scroll            |       |     3 ||     3
 Stab: Sleeping          |     2 |     1 ||     3
Armor: Leather armour    |     6 |    11 ||    17
Dodge: Dodged            |    36 |    19 ||    55
